 Dungeon Crawl Stone Soup version bcrawl-1.13.5 (webtiles) character file.

Game seed: 10989753118660478838

65 Chiseanne the Sneak (level 3, 0/18 HPs)
             Began as a Spriggan Archaeologist on Aug 22, 2019.
             Slain by a bullfrog zombie (4 damage)
             ... on level 4 of the Dungeon.
             The game lasted 00:06:35 (3089 turns).

Chiseanne the Sneak (Spriggan Archaeologist)        Turns: 3089, Time: 00:06:35

Health: 0/18       AC:  5    Str:  8    XL:     3   Next: 94%
Magic:  4/4        EV: 20    Int: 15    God:
Gold:   207        SH:  0    Dex: 14    Spells: 2/2 levels left

rFire    . . .     SeeInvis +   s - +0 falchion
rCold    . . .     Gourm    .   (shield restricted)
rNeg     . . .     Faith    .   b - +1 robe
rPois    .         Spirit   .   c - +2 hat
rElec    .         Reflect  .   (no cloak)
rCorr    .         Harm     .   (gloves unavailable)
MR       .....                  (boots unavailable)
Stlth    +++.......             (no amulet)
HPRegen  0.06/turn              (no ring)
MPRegen  0.09/turn              (no ring)

@: studying Polearms, very quick
A: very small, unfitting armour, see invisible, herbivore, speed 3, slow
metabolism 2
a: no special abilities


You were on level 4 of the Dungeon.
You were not hungry.

You visited 1 branch of the dungeon, and saw 5 of its levels.

You collected 207 gold pieces.

Inventory:

Hand Weapons
 a - a +1 short sword
 s - a +0 falchion (weapon)
 w - a +0 hunting sling
Missiles
 i - 376 stones (quivered)
 l - 231 arrows
 m - 94 sling bullets
 o - 119 poisoned needles
 t - 92 bolts
Armour
 b - a +1 robe (worn)
 c - a +2 hat (worn)
Scrolls
 d - a scroll of remove curse {unknown}
 h - a scroll of magic mapping
 k - a scroll of amnesia
 n - a scroll of fear
 p - a scroll of teleportation
Potions
 j - a potion of curing {unknown}
 q - a potion of brilliance {unknown}
 r - 2 potions of degeneration {unknown}
 u - a potion of heal wounds {unknown}
Books
 e - a manual of Polearms
Miscellaneous
 f - an ancient crate
Comestibles
 g - 8 rations {!d}


   Skills:
 - Level 1.4 Fighting
   Level 0.6 Maces & Flails
 + Level 2.3 Polearms
 - Level 5.1 Dodging
 - Level 5.5 Stealth


You had 2 spell levels left.
You didn't know any spells.
Your spell library was empty.

Dungeon Overview and Level Annotations

Branches:
Dungeon (5/12)
 Temple: D:4-7

Altars:
Lugonu
Okawaru

Annotations:
D:3 Sigmund, Terence


Innate Abilities, Weirdness & Mutations

You are very small and have problems with some larger weapons.
You are too small for most types of armour.
You have supernaturally acute eyesight. (SInv)
You are a herbivore.
You cover ground extremely quickly.
You need to consume almost no food.


Message History

You closely miss the bullfrog zombie.
The bullfrog zombie is heavily damaged.
The bullfrog zombie barely misses you. The bullfrog zombie closely misses you.
You hit the bullfrog zombie.
The bullfrog zombie is severely damaged.
The bullfrog zombie misses you.
Wield which item (- for none, * to show all)? (? for menu, Esc to quit)
s - a +0 falchion (weapon)
The bullfrog zombie misses you.
You completely miss the bullfrog zombie.
The bullfrog zombie is severely damaged.
The bullfrog zombie misses you.
You hit the bullfrog zombie but do no damage.
The bullfrog zombie is severely damaged.
The bullfrog zombie hits you. x2
* * * LOW HITPOINT WARNING * * *
You hit the bullfrog zombie.
The bullfrog zombie is severely damaged.
The bullfrog zombie hits you.
You die...

....5..[# #.........#
........# #.........#
........# #.........#
..).....# #.........#
........# #.........#
........# #.........+
###.....# #.........#
#.....# #.........#
#.....# #...@..[..#
#.....# #...Z...[....
#<....# #.............
#.....# #.............
#.....# #.............
#.....# #.............
#....... .............
#...................##
######...


You could see a bullfrog zombie.

Vanquished Creatures
  2 adders
  An adder zombie (D:3)
  2 dart slugs
  A leopard gecko (D:3)
  3 orcs
  4 bats
  3 giant cockroaches (D:1)
  4 goblins
  2 hobgoblins (D:1)
  2 quokkas (D:2)
  3 frilled lizards
  4 kobolds
  3 rats (D:1)
34 creatures vanquished.

Notes
Turn   | Place    | Note
-------+----------+-------------------------------------------
     0 | D:1      | Chiseanne the Spriggan Archaeologist began the quest for
                  | the Orb.
     0 | D:1      | Reached XP level 1. HP: 9/9 MP: 2/2
   194 | D:1      | Reached skill level 5 in Stealth
   394 | D:1      | Reached skill level 1 in Fighting
   629 | D:1      | Reached XP level 2. HP: 14/14 MP: 3/3
  1295 | D:2      | Reached skill level 5 in Dodging
  1325 | D:2      | Found a corrupted altar of Lugonu.
  1337 | D:2      | Found an iron altar of Okawaru.
  1475 | D:2      | Reached XP level 3. HP: 14/18 MP: 4/4
  1829 | D:3      | Noticed Terence
  1985 | D:3      | Reached skill level 1 in Polearms
  2333 | D:3      | Noticed Sigmund
  2954 | D:5      | Entered Level 5 of the Dungeon
  3089 | D:4      | Slain by a bullfrog zombie

Skill      XL: |  1  2  3 |
---------------+----------+-----
Stealth        | 5 |  5.5
Fighting       | 1 |  1.4
Dodging        | 5 |  5.1
Polearms       | 2 |  2.3
Maces & Flails | |  0.6

Action                   || total
-------------------------++-------
Melee: Whip              ||    73
       Short sword       ||   125
       Falchion          ||    39
 Fire: Hunting sling     ||    22
  Use: Scroll            ||     7
 Stab: Sleeping          ||    13
Armor: Robe              ||    38
Dodge: Dodged            ||   172
